 Dungeon Crawl Stone Soup version 0.18.1-50-g88ac8fd (webtiles) character file.

803 Aleksmastering the Shield-Bearer (level 7, -4/55 HPs)
             Began as a Demonspawn Fighter on Sept 22, 2016.
             Killed from afar by Drunkenshrew's ghost (17 damage)
             ... with a bolt of negative energy
             ... on level 4 of the Dungeon.
             The game lasted 00:23:33 (3947 turns).

Aleksmastering the Shield-Bearer (DsFi)             Turns: 3947, Time: 00:23:33

Health: -4/55      AC: 11    Str: 23    XL:     7   Next: 59%
Magic:  7/7        EV: 10    Int:  9    God:
Gold:   264        SH: 10    Dex: 13    Spells: 0 memorised, 6 levels left

rFire  + . .     SeeInvis .     a - +0 long sword
rCold  + + .     Gourm    .     b - +0 scale mail
rNeg   . . .     Faith    .     c - +0 shield
rPois  .         Spirit   .     p - +2 helmet
rElec  .         Dismiss  .     i - +0 cloak
rCorr  .         Reflect  .     (no gloves)
SustAt .         Harm     .     (no boots)
MR     .....                    C - amulet of regeneration
Stlth  ..........               e - ring of protection from fire
                                B - ring of protection from cold

@: mighty, drained, not resistant to hostile enchantments, extremely unstealthy
A: hooves 2, repulsion field 1, cold resistance 1, demonic guardian 1
a: no special abilities


You were on level 4 of the Dungeon.
You were not hungry.

You visited 2 branches of the dungeon, and saw 8 of its levels.

You collected 264 gold pieces.

Inventory:

Hand Weapons
 a - a +0 long sword (weapon)
Missiles
 o - 210 stones (quivered)
Armour
 b - a +0 scale mail (worn)
 c - a +0 shield (worn)
 i - a +0 cloak (worn)
 p - a +2 helmet (worn)
Jewellery
 e - a ring of protection from fire (right hand)
 B - a ring of protection from cold (left hand)
 C - an amulet of regeneration (around neck)
Wands
 v - a wand of iceblast (9/15)
Scrolls
 h - a scroll of recharging
 j - a scroll of random uselessness {unknown}
 l - a scroll of enchant armour
 n - 2 scrolls of magic mapping
 q - 2 scrolls of noise
 r - a scroll of blinking
 t - 2 scrolls of amnesia {unknown}
 w - a scroll of fear {unknown}
 y - a scroll of enchant weapon {unknown}
 D - a scroll of teleportation {unknown}
 E - a scroll of remove curse
Potions
 d - a potion of might
 k - a potion of heal wounds
 m - a potion of curing
 x - a potion of cancellation {unknown}
 z - a potion of lignification {unknown}
 A - a potion of brilliance {unknown}
Comestibles
 f - 6 bread rations
 g - 3 meat rations
 s - a beef jerky
 u - 4 chunks of flesh


   Skills:
 + Level 4.6(3.4) Fighting
 + Level 3.8(2.7) Long Blades
 + Level 4.5(3.4) Armour
 - Level 2.2(1.2) Dodging
 + Level 5.0(3.9) Shields


You had 6 spell levels left.
You didn't know any spells.

Dungeon Overview and Level Annotations

Branches:
Dungeon (7/15)             Temple (1/1) D:5

Altars:
Ashenzari
Cheibriados
Dithmenos
Elyvilon
Fedhas
Gozag
Kikubaaqudgha
Nemelex Xobeh
Okawaru
Pakellas
Qazlal
Ru
Trog
Vehumet
Xom
Yredelemnul
Zin
The Shining One

Annotations:
D:4 Drunkenshrew's ghost, novice DrWn


Innate Abilities, Weirdness & Mutations

You have hoof-like feet.
You are surrounded by a mild repulsion field (EV +2).
Your flesh is cold resistant.
A weak demonic guardian rushes to your aid.


Message History

You block Drunkenshrew's ghost's attack.
Your iron imp barely misses Drunkenshrew's ghost.
You hit Drunkenshrew's ghost.
You kick Drunkenshrew's ghost, but do no damage.
Drunkenshrew's ghost is moderately damaged.
Drunkenshrew's ghost hits you!
Your iron imp hits Drunkenshrew's ghost.
You barely miss Drunkenshrew's ghost.
Drunkenshrew's ghost is moderately damaged.
Drunkenshrew's ghost barely misses you.
Your iron imp hits Drunkenshrew's ghost but does no damage.
You closely miss Drunkenshrew's ghost.
You kick Drunkenshrew's ghost, but do no damage.
Drunkenshrew's ghost is moderately damaged.
Drunkenshrew's ghost hits you!
* * * LOW HITPOINT WARNING * * *
Your iron imp hits Drunkenshrew's ghost!
Drunkenshrew's ghost breathes negative energy at you.
The bolt of negative energy hits you!
You feel drained.
You die...

####.#.##########
..###.)...#...
#.. #..###.#.####
#....#.# #......#
# ..?..#.#
###.##.# .#
###.#.#.#
##.##.##.#
##.#.#.##
#........#
#.......#
#..5W5...#
#.......#
#[.##@#..#
#.[<....# #..#..#
.# #....5..#
#..#.## #...O...#
#..#. #!......#
#.... #.......#
####. #########
#. #.


You could see Drunkenshrew's ghost and 2 friendly iron imps.

Vanquished Creatures
  An ogre (D:4)
  A scorpion (D:7)
  A crimson imp (D:5)
  An orc priest (Temple)
  A jelly (D:6)
  3 orc wizards
  Jessica (D:3)
  An iguana (D:7)
  A worker ant (D:7)
  Robin (D:2)
  5 adders
  An ooze (D:3)
  5 worms
  3 dart slugs
  2 giant geckos
  7 orcs
  2 giant cockroaches
  18 goblins
  15 hobgoblins
  13 jackals
  A quokka (D:2)
  2 ball pythons
  A ball python skeleton (D:4)
  13 bats
  4 giant newts
  9 kobolds
  7 rats
  A bush (D:2)
121 creatures vanquished.

Vanquished Creatures (collateral kills)
  Edmund (D:4)
  An ice beast (D:5)
  A sky beast (D:6)
  A quasit (D:7)
4 creatures vanquished.

Grand Total: 125 creatures vanquished

Notes
Turn   | Place    | Note
--------------------------------------------------------------
     0 | D:1      | Aleksmastering the Demonspawn Fighter began the quest for the Orb.
     0 | D:1      | Reached XP level 1. HP: 18/18 MP: 1/1
   167 | D:1      | Gained mutation: Your flesh is cold resistant. [demonic ancestry]
   167 | D:1      | Reached XP level 2. HP: 23/24 MP: 2/2
   393 | D:1      | Reached skill level 3 in Shields
   532 | D:2      | Gained mutation: A weak demonic guardian rushes to your aid. [demonic ancestry]
   532 | D:2      | Reached XP level 3. HP: 17/29 MP: 3/3
   779 | D:2      | Found a stormy altar of Qazlal.
   780 | D:2      | Found a bloodstained altar of Trog.
   782 | D:2      | Found a shattered altar of Ashenzari.
   906 | D:2      | Noticed Robin
  1224 | D:2      | Killed Robin
  1224 | D:2      | Reached skill level 1 in Dodging
  1224 | D:2      | Gained mutation: You have large cloven feet. [demonic ancestry]
  1224 | D:2      | Reached XP level 4. HP: 28/36 MP: 4/4
  1552 | D:2      | Found an oddly glowing altar of Pakellas.
  2219 | D:3      | Gained mutation: You have hoof-like feet. [demonic ancestry]
  2219 | D:3      | Reached XP level 5. HP: 40/42 MP: 5/5
  2491 | D:3      | Noticed Jessica
  2497 | D:3      | Killed Jessica
  2675 | D:4      | Noticed an ogre
  2790 | D:4      | You fall through a shaft for 3 floors!
  2856 | D:7      | Noticed a sky beast
  2861 | D:7      | Reached XP level 6. HP: 45/48 MP: 6/6
  2874 | D:7      | Reached skill level 4 in Shields
  2891 | D:6      | Killed a sky beast
  3054 | D:5      | Entered Level 5 of the Dungeon
  3082 | D:5      | Found a sparkling altar of Nemelex Xobeh.
  3110 | D:5      | Found a basalt altar of Yredelemnul.
  3177 | D:5      | Found a staircase to the Ecumenical Temple.
  3239 | Temple   | Entered the Ecumenical Temple
  3455 | D:5      | Gained mutation: You are surrounded by a mild repulsion field (EV +2). [demonic ancestry]
  3455 | D:5      | Reached XP level 7. HP: 47/54 MP: 7/7
  3822 | D:4      | Noticed Edmund
  3853 | D:4      | Killed Edmund
  3925 | D:4      | Noticed Drunkenshrew's ghost (novice DrWn)
  3932 | D:4      | Reached skill level 5 in Shields
  3947 | D:4      | Killed from afar by Drunkenshrew's ghost

Skill      XL: |  1  2  3  4  5  6  7 |
---------------+----------------------+-----
Shields        | 3 4 5 |  5.0
Armour         | 3 4 |  4.5
Long Blades    | 2 3 |  3.8
Dodging        | 1 2 |  2.2
Fighting       | 4 |  4.6

Action                   |  1- 3 |  4- 6 |  7- 9 || total
-------------------------+-------+-------+-------++-------
Melee: Long sword        |   226 |   281 |    46 ||   553
       Kick              |       |    59 |    17 ||    76
Throw: Stone             |     2 |    11 |     3 ||    16
  Use: Scroll            |     2 |     5 |       ||     7
       Potion            |       |     3 |     1 ||     4
 Stab: Distracted        |       |     1 |     1 ||     2
  Eat: Chunk             |     2 |     8 |     1 ||    11
Armor: Scale mail        |   113 |   193 |     6 ||   312
Dodge: Dodged            |    65 |   117 |    15 ||   197
Block: Shield            |   119 |   188 |    20 ||   327
